 Dungeon Crawl Stone Soup version 0.32-a0-938-g40ac7a0f4d (webtiles) character file.

Game seed: 7237068114104137354

110 Doorstop00 the Chopper (level 4, -7/41 HPs)
             Began as a Minotaur Berserker on Apr 15, 2024.
             Was a Believer of Trog.
             Mangled by a gnoll
             ... wielding a +0 flail
              (8 damage)
             ... on level 3 of the Dungeon.
             The game lasted 00:06:16 (1120 turns).

Doorstop00 the Chopper (Minotaur Berserker)         Turns: 1120, Time: 00:06:17

Health: -7/41      AC:  9    Str: 21    XL:     4   Next: 61%
Magic:  3/3        EV:  8    Int:  6    God:    Trog [**....]
Gold:   117        SH:  0    Dex: 10    Spells: 3/3 levels left

rFire   . . .        h - +1 whip (vamp)
rCold   . . .        (no shield)
rNeg    . . .        f - +0 chain mail
rPois   .            (helmet restricted)
rElec   .            i - scarf {repulsion}
rCorr   .            (no gloves)
SInv    .            (no boots)
Will    .....        (no amulet) Stlth
                     (no ring)
HPRegen 0.26/turn    (no ring)
MPRegen 0.08/turn

%: repel missiles
@: no status effects
A: horns 2, retaliatory headbutt
a: Renounce Religion, Berserk, Trog's Hand


You were on level 3 of the Dungeon.
You worshipped Trog.
Trog was pleased with you.
You visited 1 branch of the dungeon, and saw 3 of its levels.

You collected 117 gold pieces.

Inventory:

Hand Weapons
 a - a +0 hand axe
 h - a +1 vampiric whip (weapon)
Armour
 f - a +0 chain mail (worn)
 i - a scarf of repulsion (worn)
Scrolls
 b - a scroll of fog {unknown}
 c - a scroll of identify
 d - a scroll of silence {unknown}
 e - 2 scrolls of vulnerability {unknown}
 j - a scroll of poison {unknown}
 k - a scroll of enchant weapon {unknown}
Potions
 g - 3 potions of brilliance


   Skills:
 * Level 4.7 Fighting
 * Level 4.8 Axes
 + Level 0.3(3.0) Maces & Flails
 * Level 3.4 Armour
 * Level 2.8 Dodging


You had 3 spell levels left.
You didn't know any spells.
Your spell library was empty.

Dungeon Overview and Level Annotations

Branches:
Dungeon (2/15)

Altars:

Shops:
D:1 *


Innate Abilities, Weirdness & Mutations

You have a pair of horns on your head.
You reflexively headbutt those who attack you in melee.


Message History

The gnoll is severely wounded.
The gnoll hits you with a +0 spear.
You barely miss the gnoll. You headbutt the gnoll.
The gnoll is almost dead.
The gnoll hits you with a +0 spear.
You hit the gnoll.
You feel better.
You kill the gnoll!
Trog accepts your kill.
The gnoll hits you from afar with a +0 halberd!
The adder bites you but does no damage.
You hit the adder.
You feel better.
You headbutt the adder.
The adder is moderately wounded.
The gnoll hits you from afar with a +0 halberd!
The adder barely misses you.
You hit the adder. Your headbutt misses the adder.
The adder is heavily wounded.
The gnoll closely misses you. The adder barely misses you.
You hit the adder.
You kill the adder!
Trog accepts your kill. The gnoll hits you but does no damage.
You hit the gnoll. Your headbutt misses the gnoll.
The gnoll is moderately wounded.
The gnoll hits you with a +0 flail.
The gnoll hits you from afar with a +0 halberd!
* * * LOW HITPOINT WARNING * * *
You barely miss the gnoll.
The gnoll is moderately wounded.
The gnoll hits you from afar with a +0 halberd!
* * * LOW HITPOINT WARNING * * *
The gnoll hits you but does no damage.
You hit the gnoll. Your headbutt misses the gnoll.
The gnoll is severely wounded.
The gnoll completely misses you. The gnoll hits you with a +0 flail.
* * * LOW HITPOINT WARNING * * *
You hit the gnoll.
You headbutt the gnoll, but do no damage.
The gnoll is almost dead.
The gnoll hits you with a +0 flail!
You die...

#.....⌠..####
.....g.....#
..........#.
.g.......'. ........#.
.?....... ####g.......
##.@g.# #.# #..####
#.# .# ##.### #.##.#
#....# #†##.#
##....#######.##.#####
#..>..'...............
#.....###...#.##.....#
#.....###.#.#...###...
#.#.....#=#.###.# #...


You could see 2 gnolls.

Vanquished Creatures
  A bombardier beetle (D:3)
  3 adders (D:3)
  A gnoll (D:3)
  A dart slug (D:2)
  6 ball pythons
  3 endoplasms
  A giant cockroach (D:1)
  A hobgoblin (D:3)
  4 kobolds (D:1)
  4 quokkas
  4 bats
  2 frilled lizards
  7 goblins
  5 rats
43 creatures vanquished.

Notes
Turn   | Place    | Note
-------+----------+-------------------------------------------
     0 | D:1      | Doorstop00 the Minotaur Berserker began the quest for the
                  | Orb.
     0 | D:1      | Reached XP level 1. HP: 19/19 MP: 0/0
   132 | D:1      | Found Ipserent's Assorted Antiques.
   211 | D:1      | Reached XP level 2. HP: 27/27 MP: 1/1
   228 | D:1      | Found a faded altar of an unknown god.
   667 | D:1      | Reached ** piety under Trog
   806 | D:2      | Reached XP level 3. HP: 33/33 MP: 2/2
   892 | D:2      | You fall into a shaft and drop 1 floor!
   976 | D:3      | Reached XP level 4. HP: 41/41 MP: 3/3
  1119 | D:3      | HP: 1/41 [gnoll/+0 flail (2)]
  1120 | D:3      | Mangled by a gnoll

Illustrated notes

Levels and vault maps discovered:
D:1:      grunt_arrival_crossed_arrows, layout_rooms, serial_shops, shop,
          hellmonk_ecumenical_altar_slurped_away, minmay_ruptured
D:2:      minmay_diamond_boxcup, layout_basic
D:3:      layout_basic, nicolae_qazlal_style_of_elements, minitemple,
          dreamdust_wishing_well, grunt_ministairs_4, nrook_campfire,
          minmay_vboxes

Skill      XL: |  1  2  3 |
---------------+----------+-----
Axes           | 4 |  4.8
Fighting       | 4 |  4.7
Armour         | 3 |  3.4
Maces & Flails | |  0.3
Dodging        | |  2.8

Action                     |  1- 3 |  4- 6 || total
---------------------------+-------+-------++-------
  Melee: Hand axe          |    31 |       ||    31
         Headbutt          |     8 |     5 ||    13
         Whip              |    51 |    23 ||    74
    Use: Scroll            |       |     1 ||     1
 Armour: Animal skin       |     7 |       ||     7
         Chain mail        |    69 |    19 ||    88
  Dodge: Dodged            |    32 |    11 ||    43
         Repelled          |     1 |       ||     1

Table legend: (Time is in decaauts)
 A = Elapsed time spent in this place.
 B = Non-inter-level travel time spent in this place.
 C = Inter-level travel time spent in this place.
 D = Time resting spent in this place.
 E = Time spent auto-exploring this place.
 F = Levels seen in this place.
 G = Mean time per level.
                   A        B        C        D        E       F      G
               +--------+--------+--------+--------+--------+-----+--------+
         Total |   1120 |   1100 |     20 |      0 |    803 |   3 |  373.3 |
       Dungeon |   1120 |   1100 |     20 |      0 |    803 |   3 |  373.3 |
               +--------+--------+--------+--------+--------+-----+--------+

Top non-repeatable levels by time:
     D:1: 731 daAuts
     D:3: 226 daAuts
     D:2: 162 daAuts
